 Dungeon Crawl Stone Soup version 0.23.1-38-g628c18f423 (webtiles) character file.

Game seed: 13043643944684592301

1554 Oninnaise the Covered (level 8, -3/65 HPs)
             Began as a Barachi Fighter on Mar 29, 2019.
             Slain by a slave (6 damage)
             ... led by Pikel
             ... on level 7 of the Dungeon.
             The game lasted 00:21:01 (5754 turns).

Oninnaise the Covered (Barachi Fighter)             Turns: 5754, Time: 00:21:01

Health: -3/65      AC: 18    Str: 17 (18) XL:     8   Next: 88%
Magic:  8/8        EV:  4    Int:  6 (8)  God:
Gold:   304        SH: 10    Dex: 16 (17) Spells: 7/7 levels left

rFire    . . .     SeeInvis .   a - +1 flail
rCold    + . .     Gourm    .   c - +0 shield
rNeg     . . .     Faith    .   j - +0 plate armour
rPois    .         Spirit   .   m - +0 helmet
rElec    .         Reflect  .   g - +0 cloak
rCorr    .         Harm     .   (no gloves)
MR       +....                  (no boots)
Stlth    ..........             (no amulet)
HPRegen  0.20/turn              h - +3 ring of dexterity
MPRegen  0.11/turn              d - ring of protection from magic

@: hasted, quick
A: +LOS, swims, icy blue scales 1, cold resistance 1, deterioration 1, slowness
1, MP-powered wands, strong legs 1
a: Hop


You were on level 7 of the Dungeon.
You were not hungry.

You visited 1 branch of the dungeon, and saw 7 of its levels.

You collected 304 gold pieces.

Inventory:

Hand Weapons
 a - a +1 flail (weapon)
Armour
 b - a +1 scale mail
 c - a +0 shield (worn)
 g - a +0 cloak (worn)
 j - a +0 plate armour (worn)
 m - a +0 helmet (worn)
 p - the +0 leather armour "Fiecukyll" {-Cast Str+2 SInv}
   (You found it on level 6 of the Dungeon)

   It affects your strength (+2).
   It lets you see invisible.
   It prevents spellcasting.
Jewellery
 d - a ring of protection from magic (right hand)
 e - an uncursed ring of poison resistance
 h - a +3 ring of dexterity (left hand)
 s - a +5 ring of dexterity
Wands
 r - a wand of polymorph (2)
Scrolls
 i - 6 scrolls of remove curse
 k - 4 scrolls of identify
 l - a scroll of magic mapping
 t - a scroll of enchant weapon
Potions
 q - a potion of lignification {unknown}
Comestibles
 f - 6 rations


   Skills:
 * Level 6.6 Fighting
 + Level 7.5 Maces & Flails
 * Level 7.5 Armour
 - Level 0.8 Dodging
 + Level 5.9 Shields


You had 7 spell levels left.
You didn't know any spells.
Your spell library contained the following spells:

 Spells                   Type           Power        Failure   Level  Hunger
 Animate Skeleton         Necr           N/A          100%        1    ##.....
 Apportation              Tloc           #.....       100%        1    ##.....
 Confusing Touch          Hex            #.....       100%        1    ##.....
 Shock                    Conj/Air       #...         100%        1    ##.....
 Summon Small Mammal      Summ           #...         100%        1    ##.....
 Swiftness                Chrm/Air       #.......     100%        2    ###....
 Static Discharge         Conj/Air       #.......     100%        3    ####...
 Airstrike                Air            #.........   100%        4    #####..
 Lightning Bolt           Conj/Air       #.........   100%        5    ######.


Dungeon Overview and Level Annotations

Branches:
Dungeon (7/15)             Temple (0/1) D:5

Altars:
Gozag

Annotations:
D:7 Pikel


Innate Abilities, Weirdness & Mutations

Shadows flee at your approach. (+LOS)
You can swim through water.
You cover ground slowly.
You can hop short distances.
You are partially covered in icy blue scales. (AC +2)
Your flesh is cold resistant. (rC+)
Your body sometimes deteriorates upon taking damage.
You expend magic power (3 MP) to strengthen your wands.


Message History

You block the centaur's attack. You block Pikel's attack. The slave hits you.
* * * LOW HITPOINT WARNING * * *
You block the centaur's attack. Pikel hits you but does no damage.
You closely miss Pikel.
Pikel is severely wounded.
The centaur hits you!
* * * LOW HITPOINT WARNING * * *
Your body deteriorates!
You feel clumsy. The slave hits you.
* * * LOW HITPOINT WARNING * * *
You block Pikel's attack.
You feel better. You block the centaur's attack.
The centaur hits you but does no damage.
You block the slave's attack. Pikel hits you but does no damage.
You are electrocuted!
* * * LOW HITPOINT WARNING * * *
You feel yourself speed up.
The centaur hits you but does no damage.
The slave hits you.
You die...

#+# #.# #.# ## #.#
.... ##.#####.# ....
....p.pZa## .....
#cp# #..... ..#
##@### #...>..
#....#K..#####.....#
#....)........#
####..(##...###
###########....#
#.....# #....#
#.....#####....##.
+.....+...'.....#.#
#.....#####†....#.#


You could see Pikel, 2 slaves, a centaur, a worker ant and a quokka skeleton.

Vanquished Creatures
  Duvessa (D:4)
  An ice beast (D:6)
  A slave (D:7)
  2 necrophages
  4 scorpions
  Dowan (D:4)
  5 crimson imps
  3 centaur zombies
  A quasit (D:6)
  A jelly (D:6)
  An orc wizard (D:7)
  2 hounds
  A gnoll shaman (D:6)
  Jessica (D:2)
  6 worker ants
  A worker ant zombie (D:5)
  5 gnolls
  9 adders
  A shadow imp (D:4)
  5 worms
  3 dart slugs
  6 leopard geckos
  20 orcs
  2 ball pythons
  6 giant cockroaches
  14 goblins
  7 hobgoblins
  11 quokkas
  8 bats
  6 frilled lizards
  15 kobolds
  A leopard gecko skeleton (D:6)
  A quokka skeleton (D:5)
  A quokka zombie (D:5)
  13 rats
  A plant (D:1)
167 creatures vanquished.

Notes
Turn   | Place    | Note
-------+----------+-------------------------------------------
     0 | D:1      | Oninnaise the Barachi Fighter began the quest for the Orb.
     0 | D:1      | Reached XP level 1. HP: 18/18 MP: 1/1
   144 | D:1      | Reached XP level 2. HP: 24/25 MP: 2/2
   450 | D:1      | Reached XP level 3. HP: 30/30 MP: 3/3
   941 | D:2      | Noticed Jessica
   948 | D:2      | Killed Jessica
   948 | D:2      | Reached XP level 4. HP: 33/37 MP: 4/4
  1252 | D:2      | Reached XP level 5. HP: 31/42 MP: 5/5
  1268 | D:2      | Gained mutation: Scrolls take you a little longer to read.
                  | [potion of mutation]
  1268 | D:2      | Gained mutation: Your natural rate of healing is unusually
                  | fast. [potion of mutation]
  1268 | D:2      | Gained mutation: You are partially covered in icy blue
                  | scales. (AC +2) [potion of mutation]
  1268 | D:2      | Gained mutation: You are agile. (Dex +2) [potion of
                  | mutation]
  1269 | D:2      | Lost mutation: Scrolls take you a little longer to read.
                  | [potion of mutation]
  1269 | D:2      | Lost mutation: You are agile. (Dex +2) [potion of mutation]
  1269 | D:2      | Lost mutation: You are partially covered in icy blue
                  | scales. (AC +2) [potion of mutation]
  1269 | D:2      | Lost mutation: Your natural rate of healing is unusually
                  | fast. [potion of mutation]
  1269 | D:2      | Gained mutation: Your flesh is cold resistant. (rC+)
                  | [potion of mutation]
  1269 | D:2      | Gained mutation: You expend magic power (3 MP) to
                  | strengthen your wands. [potion of mutation]
  1269 | D:2      | Gained mutation: Your body sometimes deteriorates upon
                  | taking damage. [potion of mutation]
  1269 | D:2      | Gained mutation: You are partially covered in icy blue
                  | scales. (AC +2) [potion of mutation]
  2222 | D:3      | Noticed a necrophage
  2232 | D:3      | Killed a necrophage
  2232 | D:3      | Reached skill level 5 in Maces & Flails
  2232 | D:3      | Reached XP level 6. HP: 45/48 MP: 6/6
  2391 | D:4      | Noticed Dowan
  2416 | D:4      | Killed Dowan
  2416 | D:4      | Reached skill level 5 in Armour
  2426 | D:4      | Noticed Duvessa
  2439 | D:4      | Killed Duvessa
  2439 | D:4      | Reached XP level 7. HP: 16/54 MP: 7/7
  2895 | D:5      | Entered Level 5 of the Dungeon
  3254 | D:5      | Reached skill level 5 in Fighting
  3579 | D:5      | Found a staircase to the Ecumenical Temple.
  4044 | D:6      | Reached skill level 5 in Shields
  4044 | D:6      | Reached XP level 8. HP: 44/63 MP: 8/8
  4569 | D:6      | Found an opulent altar of Gozag.
  4594 | D:6      | Got a steaming leather armour
  4598 | D:6      | Identified the +0 leather armour "Fiecukyll" {-Cast Str+2
                  | SInv} (You found it on level 6 of the Dungeon)
  5740 | D:7      | Noticed Pikel
  5753 | D:7      | HP: 3/65 [Pikel/+2 whip of electrocution (12)]
  5754 | D:7      | Slain by a slave

Skill      XL: |  1  2  3  4  5  6  7  8 |
---------------+-------------------------+-----
Fighting       | 4 5 6 |  6.6
Armour         | 4 5 6 7 |  7.5
Maces & Flails | 3 4 5 6 7 |  7.5
Shields        | 4 5 |  5.9
Dodging        | |  0.8

Action                   |  1- 3 |  4- 6 |  7- 9 || total
-------------------------+-------+-------+-------++-------
Melee: Flail             |   172 |   196 |   437 ||   805
 Abil: Hop               |       |       |     1 ||     1
  Use: Scroll            |     4 |     1 |     9 ||    14
       Potion            |     3 |     3 |     6 ||    12
  Eat: Ration            |     1 |     1 |     4 ||     6
       Chunk             |       |     1 |       ||     1
Armor: Scale mail        |    73 |    26 |       ||    99
       Plate armour      |       |    88 |   395 ||   483
Dodge: Dodged            |    34 |    38 |   101 ||   173
Block: Shield            |    80 |    93 |   325 ||   498
